 Dungeon Crawl Stone Soup version 0.32-a0-931-g5a2cda0630 (webtiles) character file.

Game seed: 328833725720548231

426 Meejax the Cudgeller (level 6, -7/47 HPs)
             Began as a Demonspawn Gladiator on Apr 14, 2024.
             Mangled by an orc wizard
             ... wielding a +0 dagger of electrocution
              (19 damage)
             ... on level 4 of the Dungeon.
             The game lasted 00:04:45 (4118 turns).

Meejax the Cudgeller (Demonspawn Gladiator)         Turns: 4118, Time: 00:04:45

Health: -7/47      AC:  5    Str: 15    XL:     6   Next: 64%
Magic:  6/6        EV: 12    Int:  8    God:
Gold:   204        SH:  0    Dex: 16    Spells: 5/5 levels left

rFire   . . .        i - +0 whip
rCold   . . .        (no shield)
rNeg    . . .        b - +0 leather armour
rPois   .            c - +0 helmet
rElec   .            m - +0 cloak
rCorr   .            (no gloves)
SInv    .            (no boots)
Will    .....        g - amulet of magic regeneration
Stlth   ++           (no ring)
HPRegen 0.27/turn    (no ring)
MPRegen 0.50/turn

%: no passive effects
@: no status effects
A: demonic touch 2
a: no special abilities


You were on level 4 of the Dungeon.
You visited 1 branch of the dungeon, and saw 4 of its levels.

You collected 204 gold pieces.

Inventory:

Hand Weapons
 a - a +0 flail
 i - a +0 whip (weapon)
Missiles
 d - 2 throwing nets (quivered)
 e - a javelin
Armour
 b - a +0 leather armour (worn)
 c - a +0 helmet (worn)
 m - a +0 cloak (worn)
Jewellery
 g - an amulet of magic regeneration (around neck)
Wands
 o - a wand of flame (9)
Scrolls
 f - a scroll of enchant weapon {unknown}
 h - 6 scrolls of identify {unknown}
 j - 2 scrolls of fear {unknown}
 k - 2 scrolls of vulnerability {unknown}
 r - a scroll of poison {unknown}
Potions
 l - a potion of heal wounds {unknown}
 n - a potion of curing {unknown}
 p - a potion of berserk rage {unknown}
 q - a potion of degeneration {unknown}


   Skills:
 + Level 3.3 Fighting
 + Level 4.6 Maces & Flails
 + Level 1.9 Throwing
 + Level 2.7 Armour
 + Level 3.5 Dodging
 + Level 1.5 Stealth


You had 5 spell levels left.
You didn't know any spells.
Your spell library contained the following spells:

 Spells                   Type           Power      Damage    Failure   Level
 Dazzling Flash           Conj/Hex       0%         N/A       85%         3
 Starburst                Conj/Fire      0%         6d3       100%        6
 Maxwell's Capacitive Co  Air            0%         ∞         100%        8


Dungeon Overview and Level Annotations

Branches:
Dungeon (4/15)
 Temple: D:4-7

Altars:

Shops:
D:2 :


Innate Abilities, Weirdness & Mutations

Your touch may inflict irresistible damage on your foes.


Message History

The orc wizard hits you with a +0 dagger.
The orc wizard gestures wildly while chanting.
The orc wizard flickers and vanishes!
Deactivating autopickup; reactivate with Ctrl-A.
You closely miss the orc wizard.
The orc wizard is lightly wounded.
The orc wizard hits you but does no damage.
You closely miss the orc wizard.
You touch the orc wizard!
The orc wizard is almost dead.
The orc wizard hits you but does no damage.
You closely miss the orc wizard.
The orc wizard is almost dead.
The orc wizard hits you but does no damage.
You hit the orc wizard.
You kill the orc wizard!
A magic dart appears from out of thin air!
The magic dart hits you!
You hit the orc.
The orc is lightly wounded.
You hit something. You closely miss something.
You hit something but do no damage. Your touch misses something.
Something hits you.
You closely miss something. Your touch misses something.
Something hits you but does no damage.
You closely miss something. Your touch misses something.
Something barely misses you.
You barely miss something. Your touch misses something.
Something hits you but does no damage.
You are electrocuted!
You miss something. Something hits you but does no damage.
You miss something. Something hits you but does no damage.
You hit something but do no damage. Something hits you but does no damage.
You are electrocuted!
You hit something. You closely miss something. Something hits you.
* * * LOW HITPOINT WARNING * * *
You barely miss something. Your touch misses something. Something hits you.
* * * LOW HITPOINT WARNING * * *
You are electrocuted!!
You die...

### ..# #.# # #.# ...
#.# #.#..###.########
#....o{@........#
#....o#########.#####
##... #...........#
##. #.#.###.#.#.# #
#.#.###.#.#.#
#.#.#...#.#.#
#.#.#.###.#.#
#.#.#<###.#.#
#...........#


You could see 2 orcs.

Vanquished Creatures
  Sigmund (D:2)
  A bombardier beetle (D:3)
  An iguana (D:3)
  Natasha (thrice) (D:1)
  An orc wizard (D:4)
  3 adders (D:3)
  A dart slug (D:2)
  A ribbon worm (D:2)
  An orc (D:3)
  6 ball pythons
  3 endoplasms
  A giant cockroach (D:2)
  3 goblins
  8 hobgoblins
  10 kobolds
  4 quokkas
  13 bats
  6 frilled lizards
  7 rats
74 creatures vanquished.

Notes
Turn   | Place    | Note
-------+----------+-------------------------------------------
     0 | D:1      | Meejax the Demonspawn Gladiator began the quest for the
                  | Orb.
     0 | D:1      | Reached XP level 1. HP: 16/16 MP: 1/1
   267 | D:1      | Reached skill level 3 in Maces & Flails
   267 | D:1      | Gained mutation: Your touch may inflict minor irresistible
                  | damage on your foes. [demonic ancestry]
   267 | D:1      | Reached XP level 2. HP: 22/22 MP: 2/2
  1141 | D:2      | Noticed Natasha
  1146 | D:2      | Found Lacough's Book Shop.
  1147 | D:2      | Noticed Sigmund
  1191 | D:1      | Killed Natasha
  1192 | D:1      | Reached skill level 1 in Armour
  1192 | D:1      | Reached XP level 3. HP: 24/27 MP: 3/3
  1665 | D:2      | Reached XP level 4. HP: 34/34 MP: 4/4
  1995 | D:2      | Killed Sigmund
  1996 | D:2      | Reached skill level 4 in Maces & Flails
  1996 | D:2      | Reached skill level 1 in Stealth
  1996 | D:2      | Reached XP level 5. HP: 15/40 MP: 5/5
  2579 | D:1      | Noticed Natasha
  2586 | D:1      | Killed Natasha
  2587 | D:1      | Gained mutation: Your touch may inflict irresistible damage
                  | on your foes. [demonic ancestry]
  2587 | D:1      | Reached XP level 6. HP: 43/47 MP: 6/6
  3148 | D:1      | Noticed Natasha
  3153 | D:1      | Killed Natasha
  4118 | D:4      | Mangled by an orc wizard

Illustrated notes

Levels and vault maps discovered:
D:1:      ncdulo_lavacross, layout_loops_corners
D:2:      layout_basic, serial_shops, nicolae_shop_waterfront,
          interstate_on_off, uniq_natasha, uniq_sigmund
D:3:      cheibrodos_old_hovel, layout_rooms, chequers_serial_rivers_large_b,
          nicolae_concentric_dashed_squares_wild, hangedman_feature_mirror
D:4:      layout_loops_corners, serial_rivers, chequers_serial_rivers_large_a,
          chequers_serial_rivers_room_b, chequers_serial_rivers_room_b,
          chequers_serial_rivers_micro_e

Skill      XL: |  1  2  3  4  5 |
---------------+----------------+-----
Maces & Flails | 3 4 |  4.6
Armour         | 1 2 |  2.7
Dodging        | 3 |  3.5
Stealth        | 1 |  1.5
Fighting       | 3 |  3.3
Throwing       | |  1.9

Action                     |  1- 3 |  4- 6 || total
---------------------------+-------+-------++-------
  Melee: Flail             |    57 |       ||    57
         Whip              |    47 |   125 ||   172
         Touch             |    13 |    19 ||    32
  Throw: Throwing net      |       |     2 ||     2
   Stab: Sleeping          |     2 |     2 ||     4
 Armour: Leather armour    |    69 |    84 ||   153
  Dodge: Dodged            |    62 |    79 ||   141

Table legend: (Time is in decaauts)
 A = Elapsed time spent in this place.
 B = Non-inter-level travel time spent in this place.
 C = Inter-level travel time spent in this place.
 D = Time resting spent in this place.
 E = Time spent auto-exploring this place.
 F = Levels seen in this place.
 G = Mean time per level.
                   A        B        C        D        E       F      G
               +--------+--------+--------+--------+--------+-----+--------+
         Total |   4142 |   3536 |    606 |     60 |   2828 |   4 | 1035.5 |
       Dungeon |   4142 |   3536 |    606 |     60 |   2828 |   4 | 1035.5 |
               +--------+--------+--------+--------+--------+-----+--------+

Top non-repeatable levels by time:
     D:1: 2398 daAuts
     D:2: 1004 daAuts
     D:3: 668 daAuts
     D:4: 70 daAuts
